[Event "FIDE Open Sachove Univerzity QCC"]
[Site "Ceske Budejovice"]
[Date "2020.07.06"]
[Round "6.17"]
[White "Josko, Jiri"]
[Black "Havelkova, Beata"]
[Result "1-0"]
[ECO "A45"]
[WhiteElo "1649"]
[BlackElo "1394"]
[Annotator "NA"]
[PlyCount "35"]
[EventDate "2020.07.01"]
[EventType "swiss"]
[EventCountry "CZE"]
[SourceTitle "playchess.com"]
[Source "ChessBase"]
[SourceQuality "1"]
[TimeControl "40/5400+30:1800+30"]

1. d4 Nf6 2. Bf4 g6 3. Nc3 d5 4. f3 c6 5. e4 Bg7 6. Qd2 O-O 7. O-O-O Nbd7 8. e5 Nh5 9. Bh6 f6 10. Bxg7 Nxg7 11. f4 Ne6 12. Nf3 fxe5 13. fxe5 Nb6 14. h4 Ng7 15. Bd3 Bg4 16. Qh6 Nf5 17. Bxf5 Rxf5 18. Ng5 1-0

[Event "FIDE Open Sachove Univerzity QCC"]
[Site "Ceske Budejovice"]
[Date "2020.07.06"]
[Round "6.18"]
[White "Huemer, Gerald"]
[Black "Kroulik, Vaclav"]
[Result "0-1"]
[ECO "D02"]
[WhiteElo "1721"]
[BlackElo "1442"]
[Annotator "NA"]
[PlyCount "60"]
[EventDate "2020.07.01"]
[EventType "swiss"]
[EventCountry "CZE"]
[SourceTitle "playchess.com"]
[Source "ChessBase"]
[SourceQuality "1"]
[TimeControl "40/5400+30:1800+30"]

1. d4 d5 2. Bf4 g6 3. e3 Bg7 4. Nf3 Nf6 5. h3 O-O 6. Nbd2 b6 7. Ne5 Nfd7 8. Ndf3 f6 9. Nd3 c5 10. c3 Nc6 11. a3 e5 12. dxe5 fxe5 13. Bg5 Qc7 14. Nc1 d4 15. exd4 exd4 16. Bc4+ Kh8 17. cxd4 Re8+ 18. Ne2 Nxd4 19. Nfxd4 Bxd4 20. O-O Bxb2 21. Nf4 Be5 22. Re1 Bb7 23. Ne6 Qc6 24. Qg4 h6 25. Bf6+ Nxf6 26. Qxg6 Rg8 27. Qxh6+ Nh7 28. f3 Qxf3 29. Ra2 Rxg2+ 30. Rxg2 Qxg2# 0-1

[Event "FIDE Open Sachove Univerzity QCC"]
[Site "Ceske Budejovice"]
[Date "2020.07.06"]
[Round "6.19"]
[White "Strapec, Lukas"]
[Black "Pokora, Lubomir"]
[Result "1/2-1/2"]
[ECO "A41"]
[WhiteElo "1525"]
[BlackElo "1800"]
[Annotator "NA"]
[PlyCount "91"]
[EventDate "2020.07.01"]
[EventType "swiss"]
[EventCountry "CZE"]
[SourceTitle "playchess.com"]
[Source "ChessBase"]
[SourceQuality "1"]
[TimeControl "40/5400+30:1800+30"]

1. d4 d6 2. Nf3 Bg4 3. e4 e6 4. Nc3 Nd7 5. Be2 c6 6. O-O {[%emt 0:03:46] A41: 1 d4 d6: Tartakower System and Modern Defence.} Be7 7. Bf4 Ngf6 8. h3 Bh5 9. e5 dxe5 10. Nxe5 Bxe2 11. Qxe2 {[%emt 0:00:44] [#]} Nd5 $146 ({Predecessor:} 11... O-O 12. Rad1 Nd5 13. Nxd5 exd5 14. Rfe1 Re8 15. Rd3 Nxe5 16. Bxe5 Bd6 {½-½ (54) Skacelova Zahorovska,L (2090)-Nemcova,V (2070) Pardubice 1991}) 12. Nxd5 cxd5 13. Qb5 Qc8 14. c3 a6 15. Qxd7+ Qxd7 16. Nxd7 Kxd7 17. g4 Bd6 18. Be5 f6 19. Bxd6 Kxd6 20. f4 Rae8 21. Rae1 Re7 22. Rf3 Rhe8 $11 23. Kf2 b6 24. h4 h5 25. g5 f5 26. Re5 g6 27. Ke2 Rc8 28. Kd2 b5 29. b4 Ra8 30. a3 a5 31. Ree3 Rc7 32. Kc2 axb4 33. axb4 Ra2+ 34. Kb1 Rca7 35. Rd3 Rh2 36. Rh3 Raa2 37. Rdf3 Rae2 38. Rxh2 Rxh2 39. Rg3 Rxh4 40. Rf3 Rh2 41. Kc1 Re2 42. Rh3 Rf2 43. Rh4 Ke7 44. Kd1 Kf7 45. Ke1 Rg2 46. Kd1 1/2-1/2

[Event "FIDE Open Sachove Univerzity QCC"]
[Site "Ceske Budejovice"]
[Date "2020.07.06"]
[Round "6.20"]
[White "Macho, Miloslav"]
[Black "Trcka, Bohdan"]
[Result "1-0"]
[ECO "C25"]
[WhiteElo "1671"]
[BlackElo "1528"]
[Annotator "NA"]
[PlyCount "163"]
[EventDate "2020.07.01"]
[EventType "swiss"]
[EventCountry "CZE"]
[SourceTitle "playchess.com"]
[Source "ChessBase"]
[SourceQuality "1"]
[TimeControl "40/5400+30:1800+30"]

1. e4 e5 2. Nc3 c6 3. d4 Bd6 4. Nf3 exd4 5. Qxd4 Bf8 6. Bc4 Qb6 7. Qe5+ Ne7 8. O-O f6 9. Qg3 Na6 10. e5 Qc7 11. Bxa6 bxa6 12. exf6 Qxg3 13. hxg3 gxf6 14. Ne4 Ng8 15. Bf4 d5 16. Nd6+ Bxd6 17. Bxd6 Kd7 18. Bc5 h5 19. Rfe1 Rh7 20. Nh4 Rb8 21. b3 Rb7 22. Rad1 Kc7 23. Re8 Nh6 24. Rde1 Ng4 25. Bd4 a5 26. f3 Nh6 27. Bxf6 Bd7 28. Rf8 Rf7 29. Rxf7 Nxf7 30. Re7 Nd8 31. Rh7 c5 32. Rxh5 Kc8 33. Bxd8 Kxd8 34. Rxd5 Rc7 35. g4 Ke8 36. Re5+ Kf7 37. Nf5 a4 38. Nd6+ Kf8 39. Re3 axb3 40. axb3 a5 41. Rc3 Rc6 42. Ne4 c4 43. bxc4 a4 44. c5 Ra6 45. Ra3 Bc6 46. Kf2 Kg7 47. Ke3 Ra5 48. Kd4 Kg6 49. c4 Ra8 50. Nc3 Rd8+ 51. Ke3 Re8+ 52. Kf2 Re5 53. Nxa4 Bxa4 54. Rxa4 Rxc5 55. f4 Rc6 56. Rb4 Kf6 57. Kf3 Re6 58. g5+ Kg6 59. c5 Re7 60. Rb6+ Kg7 61. c6 Re8 62. c7 Rc8 63. Rc6 Kh7 64. f5 Kg7 65. Kf4 Kh7 66. f6 Kg6 67. g4 Rxc7 68. Re6 Rc4+ 69. Re4 Rc1 70. Re7 Rc7 71. Rg7+ Rxg7 72. fxg7 Kxg7 73. Kf5 Kf7 74. g6+ Kg8 75. Kg5 Kg7 76. Kh5 Kg8 77. Kh6 Kh8 78. g7+ Kg8 79. g5 Kf7 80. Kh7 Ke7 81. g8=Q Kd6 82. Qc4 1-0

[Event "FIDE Open Sachove Univerzity QCC"]
[Site "Ceske Budejovice"]
[Date "2020.07.06"]
[Round "6.21"]
[White "Zezula, Jakub"]
[Black "Veverka, Vladimir"]
[Result "0-1"]
[ECO "C01"]
[WhiteElo "1449"]
[BlackElo "1644"]
[Annotator "NA"]
[PlyCount "68"]
[EventDate "2020.07.01"]
[EventType "swiss"]
[EventCountry "CZE"]
[SourceTitle "playchess.com"]
[Source "ChessBase"]
[SourceQuality "1"]
[TimeControl "40/5400+30:1800+30"]

1. e4 e6 2. d4 d5 3. exd5 exd5 4. c4 c6 5. Nc3 Nf6 6. Bg5 Be6 7. c5 Be7 8. Bd3 O-O 9. Nge2 Nbd7 10. O-O b6 11. b4 b5 12. h3 Ne8 13. Bxe7 Qxe7 14. f4 f6 15. f5 Bf7 16. Nf4 Qe3+ 17. Kh1 Qxd4 18. Nxb5 Qxb4 19. Rb1 Qxc5 20. Rc1 Qb6 21. Ng6 Bxg6 22. fxg6 cxb5 23. gxh7+ Kh8 24. Rb1 a6 25. Bf5 Qd6 26. Re1 Ne5 27. Qb3 Nc7 28. Rbd1 Rfd8 29. Qg3 Nc4 30. Qg6 Re8 31. h4 Ne3 32. Rc1 Nxf5 33. Rxe8+ Rxe8 34. Qxf5 Qg3 0-1

[Event "FIDE Open Sachove Univerzity QCC"]
[Site "Ceske Budejovice"]
[Date "2020.07.06"]
[Round "6.22"]
[White "Jodas, Daniel"]
[Black "Roubal, Matyas"]
[Result "1/2-1/2"]
[ECO "C45"]
[WhiteElo "1608"]
[BlackElo "1443"]
[Annotator "NA"]
[PlyCount "92"]
[EventDate "2020.07.01"]
[EventType "swiss"]
[EventCountry "CZE"]
[SourceTitle "playchess.com"]
[Source "ChessBase"]
[SourceQuality "1"]
[TimeControl "40/5400+30:1800+30"]

1. e4 e5 2. Nf3 Nc6 3. d4 exd4 4. Nxd4 Bc5 5. Nxc6 Qf6 6. Qf3 Qxf3 7. gxf3 dxc6 8. Rg1 g6 9. Bf4 Bb6 10. Nd2 Be6 11. Nc4 O-O-O 12. Nxb6+ cxb6 13. Bd3 Ne7 14. a3 Rhe8 15. O-O-O c5 16. Bg5 Rd7 17. Be2 Nc6 18. Rxd7 Bxd7 19. Bf6 Re6 20. Bc3 Re8 21. Bd3 Ne7 22. f4 f5 23. e5 Nd5 24. Bd2 Be6 25. Be2 a6 26. Rd1 b5 27. Bf3 Rd8 28. Ba5 b6 29. Bxd5 Rxd5 30. Rxd5 Bxd5 31. Bxb6 c4 32. h4 Kb7 33. Bc5 Kc6 34. Bd6 Bf7 35. Kd2 Kd5 36. Kc3 Be6 37. f3 h5 38. Bb8 Bf7 39. Ba7 Be6 40. Kb4 Kc6 41. a4 Bd7 42. Be3 Be6 43. Ka5 Bc8 44. b3 cxb3 45. cxb3 bxa4 46. bxa4 Kd5 1/2-1/2

[Event "FIDE Open Sachove Univerzity QCC"]
[Site "Ceske Budejovice"]
[Date "2020.07.06"]
[Round "6.23"]
[White "Svadlenka, Dominik"]
[Black "Vavrousek, Petr"]
[Result "1-0"]
[ECO "D44"]
[WhiteElo "1350"]
[BlackElo "1605"]
[Annotator "NA"]
[PlyCount "90"]
[EventDate "2020.07.01"]
[EventType "swiss"]
[EventCountry "CZE"]
[SourceTitle "playchess.com"]
[Source "ChessBase"]
[SourceQuality "1"]
[TimeControl "40/5400+30:1800+30"]

1. d4 d5 2. c4 c6 3. Nf3 Nf6 4. Nc3 e6 5. Bg5 h6 6. Bh4 dxc4 7. e4 b5 8. e5 g5 9. Nxg5 hxg5 10. Bxg5 Be7 11. exf6 Bxf6 12. Bxf6 Qxf6 13. g3 Bb7 14. Bg2 a6 15. O-O Nd7 16. a4 b4 17. Ne4 Qe7 18. Qc2 a5 19. Qxc4 Ba6 20. Qxc6 O-O 21. Rfd1 Rfd8 22. Qc1 Rac8 23. Qg5+ Qxg5 24. Nxg5 Rc2 25. d5 e5 26. b3 Nf6 27. Rdc1 Rdc8 28. Re1 Kf8 29. Bf1 Bxf1 30. Rxf1 Nxd5 31. Rfe1 f6 32. Ne4 Ke7 33. Rad1 Nc3 34. Rd2 Rxd2 35. Nxd2 Rd8 36. Nc4 Rd5 37. f4 e4 38. g4 Ke6 39. f5+ Kf7 40. Kg2 Kg7 41. Kg3 Kh6 42. h4 Rd3+ 43. Re3 Nd5 44. Rxd3 exd3 45. Kf3 Nb6 1-0

[Event "FIDE Open Sachove Univerzity QCC"]
[Site "Ceske Budejovice"]
[Date "2020.07.06"]
[Round "6.24"]
[White "Karweit, Alex W"]
[Black "Veselsky, Jan"]
[Result "1/2-1/2"]
[ECO "D85"]
[WhiteElo "1579"]
[BlackElo "1580"]
[Annotator "NA"]
[PlyCount "104"]
[EventDate "2020.07.01"]
[EventType "swiss"]
[EventCountry "CZE"]
[SourceTitle "playchess.com"]
[Source "ChessBase"]
[SourceQuality "1"]
[TimeControl "40/5400+30:1800+30"]

1. d4 Nf6 2. c4 g6 3. Nc3 d5 4. cxd5 Nxd5 5. Bd2 Bg7 6. e4 Nxc3 7. Bxc3 O-O 8. Qd2 Nd7 9. Nf3 Nf6 10. Bd3 b6 11. Bc2 Bb7 12. d5 c6 13. dxc6 Bxc6 14. Qe2 Qc7 15. Nd4 Bb7 16. f3 a6 17. O-O Rac8 18. Bb3 Nd7 19. Qd2 Nc5 20. Rfd1 Rfd8 21. Qe3 Be5 22. Qh6 Nxb3 23. axb3 Qc5 24. b4 Qc7 25. Ne2 b5 26. h4 Bxc3 27. bxc3 Qe5 28. Qf4 Qe6 29. Rxd8+ Rxd8 30. Qc7 Rd7 31. Qb8+ Kg7 32. Nd4 Qf6 33. h5 Bxe4 34. fxe4 Qg5 35. Re1 Qd2 36. Qg3 Rc7 37. Nb3 Qxc3 38. Qxc3+ Rxc3 39. Nc5 Ra3 40. hxg6 hxg6 41. Rd1 e6 42. Rd7 Kf6 43. Ra7 Ra1+ 44. Kf2 Rb1 45. Rxa6 Rxb4 46. e5+ Kf5 47. Nd3 Rb3 48. Ke2 Rc3 49. Rb6 Ke4 50. Nf2+ Kxe5 51. Rxb5+ Kf4 52. Rb4+ Kf5 1/2-1/2

[Event "FIDE Open Sachove Univerzity QCC"]
[Site "Ceske Budejovice"]
[Date "2020.07.06"]
[Round "6.25"]
[White "Martirosyan, David"]
[Black "Dudkova, Josefina"]
[Result "0-1"]
[ECO "B01"]
[WhiteElo "1560"]
[BlackElo "1447"]
[Annotator "NA"]
[PlyCount "60"]
[EventDate "2020.07.01"]
[EventType "swiss"]
[EventCountry "CZE"]
[SourceTitle "playchess.com"]
[Source "ChessBase"]
[SourceQuality "1"]
[TimeControl "40/5400+30:1800+30"]

1. e4 d5 2. exd5 Nf6 3. d4 Bg4 4. Be2 Bxe2 5. Nxe2 Qxd5 6. O-O Nc6 7. Nbc3 Qf5 8. Bf4 O-O-O 9. Bg3 g5 10. h3 h5 11. f3 Qg6 12. Qd2 e5 13. Rad1 Nxd4 14. Nxd4 Rxd4 15. Qe2 Bc5 16. Kh1 Re8 17. Ne4 Nxe4 18. fxe4 a6 19. Rxd4 Bxd4 20. c3 Bb6 21. Rf5 f6 22. Bf2 Bxf2 23. Qxf2 Re6 24. Qa7 Rb6 25. b3 g4 26. h4 g3 27. Qa8+ Kd7 28. Qf8 Rd6 29. Rf1 Rd2 30. Qc5 Qxe4 0-1

[Event "FIDE Open Sachove Univerzity QCC"]
[Site "Ceske Budejovice"]
[Date "2020.07.06"]
[Round "6.26"]
[White "Bastyr, Pavel"]
[Black "Stary, Vojtech"]
[Result "1/2-1/2"]
[ECO "D91"]
[WhiteElo "1439"]
[BlackElo "1422"]
[Annotator "NA"]
[PlyCount "38"]
[EventDate "2020.07.01"]
[EventType "swiss"]
[EventCountry "CZE"]
[SourceTitle "playchess.com"]
[Source "ChessBase"]
[SourceQuality "1"]
[TimeControl "40/5400+30:1800+30"]

1. d4 Nf6 2. c4 g6 3. Nc3 d5 4. Bg5 c6 5. Nf3 Bg7 6. e3 O-O 7. Be2 dxc4 8. Bxc4 Nbd7 9. b4 Nb6 10. Bb3 Nbd5 11. Nxd5 Nxd5 12. a3 b6 13. O-O Ba6 14. Re1 Rc8 15. Rc1 Kh8 16. e4 Nf6 17. Ne5 Qe8 18. Qf3 Kg8 19. Rc3 Bb7 1/2-1/2

[Event "FIDE Open Sachove Univerzity QCC"]
[Site "Ceske Budejovice"]
[Date "2020.07.06"]
[Round "6.27"]
[White "Zachar, Jaroslav"]
[Black "Barth Vit"]
[Result "1-0"]
[ECO "E20"]
[WhiteElo "1831"]
[BlackElo "1356"]
[Annotator "NA"]
[PlyCount "91"]
[EventDate "2020.07.01"]
[EventType "swiss"]
[EventCountry "CZE"]
[SourceTitle "playchess.com"]
[Source "ChessBase"]
[SourceQuality "1"]
[TimeControl "40/5400+30:1800+30"]

1. d4 d5 2. c4 e6 3. Nc3 Bb4 4. e3 Nf6 5. Bd2 Nbd7 6. a3 {[%emt 0:03:49] E20: Nimzo-Indian: 4 g3 and 4 f3.} Bxc3 7. bxc3 {[%emt 0:00:37] [#]} O-O $146 ({Predecessor:} 7... c5 8. Nf3 a6 9. Rb1 Rb8 10. Bd3 O-O 11. O-O Nb6 12. cxd5 c4 13. Bc2 exd5 {1-0 (26) Do Huu Thuy,T-Le Hoai Bao,D Singapore 2002}) 8. f4 Ne4 9. Nf3 c5 10. Bd3 f5 11. O-O Qa5 12. Be1 dxc4 13. Bxe4 fxe4 14. Ng5 Nf6 15. Qc2 cxd4 $1 16. exd4 Qd5 17. Bg3 h6 18. Nh3 Ng4 19. Qe2 Qf5 20. Rfe1 e3 21. Kh1 Qd3 $2 (21... Bd7 $17 {stays on course.} 22. Ng1 {[#]} Qxf4 $1 ) 22. Qxg4 e5 23. Qf3 exd4 24. Qd5+ Kh8 25. Qxd4 Qxd4 26. cxd4 Re8 27. Bf2 $2 (27. Ng1 $18) 27... Bxh3 $1 28. Bxe3 Bf5 29. h3 h5 30. Kh2 Re4 31. Kg3 Rae8 32. Bf2 b5 33. Kf3 a5 (33... g5 $5 34. fxg5 Bg6 $11) 34. g4 hxg4+ 35. hxg4 Bh7 (35... Rxe1 $1 $11 {remains equal.} 36. Rxe1 Be6) 36. f5 Rxe1 $1 37. Bxe1 a4 $2 ({Black should try} 37... Bg8 $14) 38. Bc3 Kg8 39. Rb1 Rb8 40. Re1 g5 (40... Kf7 {keeps fighting.} 41. Kf4 g6) 41. Re7 Rb6 (41... Rf8 $142 42. Rb7 Bxf5 43. gxf5 Rxf5+ 44. Kg4 Rd5) 42. Ke4 Rh6 43. d5 Rh3 44. Bf6 Kf8 45. d6 Bxf5+ 46. Kxf5 1-0

[Event "FIDE Open Sachove Univerzity QCC"]
[Site "Ceske Budejovice"]
[Date "2020.07.06"]
[Round "6.28"]
[White "Vojtek, Pavel"]
[Black "Smola, David"]
[Result "1/2-1/2"]
[ECO "C62"]
[WhiteElo "1292"]
[BlackElo "1649"]
[Annotator "NA"]
[PlyCount "57"]
[EventDate "2020.07.01"]
[EventType "swiss"]
[EventCountry "CZE"]
[SourceTitle "playchess.com"]
[Source "ChessBase"]
[SourceQuality "1"]
[TimeControl "40/5400+30:1800+30"]

1. e4 e5 2. Nf3 Nc6 3. Bb5 d6 4. d4 exd4 5. Nxd4 Bd7 6. O-O Nge7 7. c4 Ne5 8. Bxd7+ Qxd7 9. b3 g6 10. f3 Bg7 11. Be3 O-O 12. Nc3 f5 13. Rc1 Rf7 14. Nd5 fxe4 15. fxe4 Rxf1+ 16. Qxf1 Rf8 17. Qd1 h5 18. Bg5 Nxd5 19. exd5 Bh8 20. Ne6 Rf5 21. Qe2 c6 22. Rf1 Qf7 23. Rxf5 Qxf5 24. Qf1 Ng4 25. Qxf5 gxf5 26. h3 Nf6 27. dxc6 bxc6 28. Nd4 Ne4 29. Nf3 1/2-1/2

[Event "FIDE Open Sachove Univerzity QCC"]
[Site "Ceske Budejovice"]
[Date "2020.07.06"]
[Round "6.29"]
[White "Gorej, Jan"]
[Black "Barta, David"]
[Result "1-0"]
[ECO "A80"]
[WhiteElo "1247"]
[BlackElo "1541"]
[Annotator "NA"]
[PlyCount "41"]
[EventDate "2020.07.01"]
[EventType "swiss"]
[EventCountry "CZE"]
[SourceTitle "playchess.com"]
[Source "ChessBase"]
[SourceQuality "1"]
[TimeControl "40/5400+30:1800+30"]

1. d4 d5 2. Bf4 e6 3. Nf3 f5 4. e3 Nf6 5. Nbd2 Nbd7 6. Bd3 Be7 7. Qe2 O-O 8. O-O-O Ne4 9. h3 Ndf6 10. Ne5 Bd7 11. Nb3 a6 12. f3 Qe8 13. g4 fxg4 14. hxg4 Nd6 15. Bxh7+ Nxh7 16. Qh2 Bh4 17. Qxh4 Rf6 18. Qxh7+ Kf8 19. Qh8+ Ke7 20. Qxg7+ Rf7 21. Bg5# 1-0

[Event "FIDE Open Sachove Univerzity QCC"]
[Site "Ceske Budejovice"]
[Date "2020.07.07"]
[Round "7.1"]
[White "Svetly, Jiri"]
[Black "Svanda, Adam"]
[Result "1-0"]
[ECO "E33"]
[WhiteElo "1850"]
[BlackElo "1846"]
[Annotator "NA"]
[PlyCount "73"]
[EventDate "2020.07.01"]
[EventType "swiss"]
[EventCountry "CZE"]
[SourceTitle "playchess.com"]
[Source "ChessBase"]
[SourceQuality "1"]
[TimeControl "40/5400+30:1800+30"]

1. d4 Nf6 2. c4 e6 3. Nc3 Bb4 4. Qc2 Nc6 5. Nf3 d6 6. a3 Bxc3+ $1 7. Qxc3 a5 8. Bg5 O-O {[%emt 0:03:51] E33: Nimzo-Indian: Classical: 4...Nc6.} 9. e3 Qe7 10. Nd2 e5 11. d5 Nb8 12. Bd3 {[%emt 0:02:59] [#]} Bg4 $146 ({Predecessor:} 12... Nbd7 13. b4 Re8 14. Qb2 h6 15. Bh4 c6 16. e4 Nf8 17. O-O g5 18. Bg3 Ng6 {1-0 (39) Gershon,A (2460)-Vink,N (2285) Mureck 1998}) 13. O-O Bh5 14. f4 h6 15. Bxf6 Qxf6 16. f5 Qe7 17. f6 gxf6 18. Bf5 Bg6 19. Ne4 Na6 20. b4 axb4 21. axb4 c5 22. b5 Nc7 23. Rxa8 Nxa8 $16 24. Qe1 Nb6 25. Qh4 Kg7 26. Ng3 Rh8 27. Qg4 h5 28. Qe2 Nd7 29. Ne4 Rh6 30. g4 Bxf5 31. gxf5 Kf8 32. Ra1 Nb6 33. Kf2 Qd8 34. Ra7 Qb8 35. Qa2 Ke8 36. Qa5 Qc7 37. Rxb7 1-0

[Event "FIDE Open Sachove Univerzity QCC"]
[Site "Ceske Budejovice"]
[Date "2020.07.07"]
[Round "7.1"]
[White "Trcka, Bohdan"]
[Black "Dobsinsky, Petr"]
[Result "1-0"]
[ECO "B21"]
[WhiteElo "1528"]
[BlackElo "1248"]
[Annotator "NA"]
[PlyCount "25"]
[EventDate "2020.07.01"]
[EventType "swiss"]
[EventCountry "CZE"]
[SourceTitle "playchess.com"]
[Source "ChessBase"]
[SourceQuality "1"]
[TimeControl "40/5400+30:1800+30"]

1. e4 c5 2. f4 Nf6 3. d3 d6 4. Be2 Nc6 5. c3 g6 6. g4 e5 7. g5 Nd7 8. f5 gxf5 9. exf5 h6 10. h4 f6 11. Bh5+ Ke7 12. Qb3 Nb6 13. Qf7# 1-0

[Event "FIDE Open Sachove Univerzity QCC"]
[Site "Ceske Budejovice"]
[Date "2020.07.07"]
[Round "7.2"]
[White "Kotleska, Roman"]
[Black "Titera, Libor"]
[Result "1/2-1/2"]
[ECO "C08"]
[WhiteElo "1521"]
[BlackElo "1854"]
[Annotator "NA RC"]
[PlyCount "122"]
[EventDate "2020.07.01"]
[EventType "swiss"]
[EventCountry "CZE"]
[SourceTitle "playchess.com"]
[Source "ChessBase"]
[SourceQuality "1"]
[TimeControl "40/5400+30:1800+30"]

1. e4 e6 2. d4 d5 3. Nd2 c5 4. exd5 exd5 5. Ngf3 Nf6 6. Bb5+ Bd7 7. Qe2+ Be7 8. dxc5 O-O 9. Nb3 Re8 10. Be3 Bxc5 {[%emt 0:05:15] Pin} 11. Bxd7 Nbxd7 12. Nxc5 Nxc5 13. O-O-O {[%emt 0:06:21] C08: French Tarrasch: 3...c5 4 exd5 exd5 sidelines.} Qa5 14. Kb1 Rac8 {[%emt 0:01:07] [#]} 15. Qd2 $146 ({Predecessor:} 15. Nd4 Nfe4 16. Nb3 Nxb3 17. cxb3 Qb4 18. Qd3 a5 19. Qxd5 a4 20. Rd4 Qe7 21. bxa4 {1-0 (41) Meribanov,V (2385)-Zhuk,I (2105) Minsk 2017}) 15... Qc7 16. Rc1 a5 17. Bxc5 Qxc5 18. Qd4 Re2 19. Qxc5 Rxc5 20. Rhf1 Ne4 21. c3 Rxf2 22. Rxf2 Nxf2 23. Re1 Ne4 24. Ng5 {[%emt 0:01:34] Back Rank} f5 25. Ne6 Rc8 26. Rd1 Nf6 27. Nf4 Rc5 28. Ne6 Rc4 29. Nd4 g6 30. Kc2 Kf7 31. Kd3 Ne4 32. Rf1 Nc5+ 33. Kc2 Ne6 34. Nb5 Kf6 35. Kd3 Nf4+ 36. Kd2 Nxg2 37. Nd4 Ke5 (37... Rc7 $19 38. Nc2 g5) 38. Nf3+ Kd6 39. Nd4 Ke5 40. Nf3+ Kf6 41. Nd4 Nh4 42. Rf4 g5 43. Rf2 f4 44. Re2 f3 45. Re6+ Kf7 46. Re5 {[%emt 0:00:00] [#]} Kg6 $1 47. Rxd5 Rc7 48. Ke3 g4 (48... Rf7 $17 49. Kf2 g4 $1 $19 50. Rd6+ (50. Rxa5 Nf5) 50... Rf6) 49. Kf2 {[%emt 0:00:00] [#]} Ng2 $2 50. h3 h5 51. Rxa5 (51. Rd6+ $11 {remains equal.} Kh7 52. hxg4 hxg4 53. Nf5) 51... Re7 52. hxg4 hxg4 53. Rb5 Nf4 54. Nxf3 gxf3 55. Kxf3 Nd3 56. a4 Kf7 57. a5 Ke8 58. b4 Ne1+ 59. Kf4 Kd8 60. c4 Nc2 61. c5 $19 ({White should try} 61. Rd5+ $15 Kc7 62. b5) 61... Nd4 $2 (61... Ne3 $19 62. Kg5 Nd5) 1/2-1/2

[Event "FIDE Open Sachove Univerzity QCC"]
[Site "Ceske Budejovice"]
[Date "2020.07.07"]
[Round "7.2"]
[White "Kral, Ladislav"]
[Black "Komarek, Tobias"]
[Result "1-0"]
[ECO "C26"]
[WhiteElo "1493"]
[BlackElo "1246"]
[Annotator "NA"]
[PlyCount "129"]
[EventDate "2020.07.01"]
[EventType "swiss"]
[EventCountry "CZE"]
[SourceTitle "playchess.com"]
[Source "ChessBase"]
[SourceQuality "1"]
[TimeControl "40/5400+30:1800+30"]

1. e4 e5 2. Nc3 Nf6 3. f4 d6 4. Nf3 Nbd7 5. Bc4 exf4 6. d3 Nb6 7. Bb3 Be7 8. Bxf4 O-O 9. O-O Be6 10. Nd4 Bg4 11. Qe1 Qd7 12. Be3 Be6 13. Nxe6 fxe6 14. Qe2 Kh8 15. h3 h6 16. Rad1 e5 17. d4 exd4 18. Bxd4 Rae8 19. Qd2 Bd8 20. Bxb6 axb6 21. Ba4 c6 22. Qxd6 Qxd6 23. Rxd6 Bc7 24. Rd3 Rd8 25. Rfd1 Rxd3 26. cxd3 Rd8 27. d4 b5 28. Bc2 Bb6 29. Ne2 Re8 30. Ng3 Rd8 31. Ne2 Re8 32. e5 Rxe5 33. Kf1 Rd5 34. Kf2 c5 35. dxc5 Bxc5+ 36. Kf3 Rxd1 37. Bxd1 Bd6 38. Ke3 Be5 39. b3 Kg8 40. Nd4 b4 41. Bf3 b6 42. Kd3 Nd7 43. Nc6 Bd6 44. Kc4 Bc5 45. Nxb4 Ne5+ 46. Kb5 Nxf3 47. gxf3 Kf7 48. Nd5 Ke6 49. Nxb6 Bf2 50. a4 h5 51. a5 Kf5 52. a6 Kf4 53. a7 g5 54. a8=Q Kg3 55. Qe4 Kxh3 56. Nd5 g4 57. fxg4 hxg4 58. Qh1+ Kg3 59. b4 Bd4 60. Kc6 Kf2 61. Qe4 Ba7 62. Qxg4 Ke1 63. Qg2 Bf2 64. Nc3 Bc5 65. Qe2# 1-0

[Event "FIDE Open Sachove Univerzity QCC"]
[Site "Ceske Budejovice"]
[Date "2020.07.07"]
[Round "7.3"]
[White "Molnar, Ladislav"]
[Black "Hlavsa, Filip"]
[Result "0-1"]
[ECO "B07"]
[WhiteElo "1731"]
[BlackElo "1894"]
[Annotator "NA"]
[PlyCount "48"]
[EventDate "2020.07.01"]
[EventType "swiss"]
[EventCountry "CZE"]
[SourceTitle "playchess.com"]
[Source "ChessBase"]
[SourceQuality "1"]
[TimeControl "40/5400+30:1800+30"]

1. e4 d6 2. d4 Nf6 3. Nc3 Nbd7 4. f4 e5 5. Nf3 c6 6. dxe5 dxe5 7. fxe5 Ng4 {[%emt 0:00:30] B07: Pirc Defence: Miscellaneous Systems.} 8. e6 $1 fxe6 9. h3 Nge5 {[%emt 0:04:06] [#]} 10. Bf4 $146 ({Predecessor:} 10. Be3 Be7 11. Qe2 Bf6 12. O-O-O Qe7 13. h4 b6 14. Kb1 Bb7 15. Nd4 b5 16. g4 {½-½ (80) Janssen,R (2475)-Bosch,J (2454) Leeuwarden 2002}) 10... Qf6 11. Bh2 Bb4 12. Nxe5 Nxe5 13. Qh5+ Nf7 14. e5 Qf5 15. Qe2 Qg5 16. Qd2 (16. Qe4 $5 Bc5 17. Bd3 $16) 16... Qh4+ 17. Kd1 O-O 18. a3 Ba5 19. Bd3 Rd8 $11 20. Rf1 Qh5+ 21. Kc1 Nxe5 22. Bxe5 Qxe5 23. Bxh7+ Kxh7 24. Qxd8 Bxd8 0-1

[Event "FIDE Open Sachove Univerzity QCC"]
[Site "Ceske Budejovice"]
[Date "2020.07.07"]
[Round "7.3"]
[White "Zezula, Matej"]
[Black "Zezula, Jakub"]
[Result "0-1"]
[ECO "B01"]
[WhiteElo "1078"]
[BlackElo "1434"]
[Annotator "NA"]
[PlyCount "68"]
[EventDate "2020.07.01"]
[EventType "swiss"]
[EventCountry "CZE"]
[SourceTitle "playchess.com"]
[Source "ChessBase"]
[SourceQuality "1"]
[TimeControl "40/5400+30:1800+30"]

1. e4 d5 2. exd5 Qxd5 3. Nf3 Bg4 4. Be2 Nf6 5. Nc3 Qd6 6. d4 c6 7. Bg5 e6 8. Qd2 Qc7 9. h3 Bh5 10. O-O-O Nbd7 11. Rhe1 O-O-O 12. g4 Bg6 13. Bc4 h6 14. Bf4 Bd6 15. Bxd6 Qxd6 16. Nh4 Bh7 17. f4 Nb6 18. Bb3 Rhg8 19. g5 hxg5 20. fxg5 Nfd5 21. Bxd5 exd5 22. b3 Rh8 23. Nf3 f6 24. h4 Rde8 25. Qg2 Qf4+ 26. Kb1 Be4 27. Nxe4 dxe4 28. Nd2 Nd5 29. Kb2 Rxh4 30. Nc4 b5 31. Nd2 Rh2 32. Rxe4 Rxg2 33. Rxe8+ Kd7 34. Re4 Rxd2 0-1